 Dungeon Crawl Stone Soup version 0.31-a0-236-g9a0961fb85 (webtiles) character file.

Game seed: 5750694376532789956

84 qw the Shooter (level 4, -3/36 HPs)
             Began as a Minotaur Hexslinger on July 10, 2023.
             Killed by nerve-wracking pain
             ... invoked by Menkaure
              (13 damage)
             ... on level 4 of the Dungeon.
             The game lasted 00:00:57 (2342 turns).

qw the Shooter (Minotaur Hexslinger)                Turns: 2342, Time: 00:00:57

Health: -3/36      AC:  3    Str: 13    XL:     4   Next: 23%
Magic:  4/4        EV: 12    Int: 10    God:
Gold:   155        SH:  5    Dex: 14    Spells: 4/5 levels left

rFire   . . .        Y - +1 sling
rCold   . . .        (no shield)
rNeg    . . .        m - +0 leather armour
rPois   .            (helmet restricted)
rElec   .            (no cloak)
rCorr   .            (no gloves)
SInv    .            (no boots)
Will    .....        d - amulet of reflection
Stlth   +            (no ring)
HPRegen 0.26/turn    (no ring)
MPRegen 0.09/turn

%: reflection
@: no status effects
A: horns 2, retaliatory headbutt
a: no special abilities


You were on level 4 of the Dungeon.
You visited 1 branch of the dungeon, and saw 4 of its levels.

You collected 155 gold pieces.


Innate Abilities, Weirdness & Mutations

You have a pair of horns on your head.
You reflexively headbutt those who attack you in melee.


   Skills:
 - Level 2.0 Fighting
 + Level 4.8 Ranged Weapons
 - Level 2.1 Dodging
 - Level 1.0 Spellcasting
 - Level 2.0 Hexes


You had 4 spell levels left.
You knew the following spells:

 Your Spells              Type           Power      Damage    Failure   Level
a - Slow                  Hex            16%        N/A       19%         1

Your spell library contained the following spells:

 Spells                   Type           Power      Damage    Failure   Level
 Inner Flame              Hex/Fire       2%         N/A       65%         3
 Portal Projectile        Hex/Tloc       4%         N/A       65%         3
 Cause Fear               Hex            2%         N/A       88%         4

Inventory:

Hand Weapons
 Y - a +1 sling (weapon)
Armour
 m - a +0 leather armour (worn)
Jewellery
 d - an amulet of reflection (around neck)
Scrolls
 a - a scroll of identify
Potions
 f - a potion of haste
 g - a potion of degeneration {unknown}
 h - a potion of ambrosia {unknown}
 i - a potion of lignification {unknown}
 j - 6 potions of curing
 k - a potion of enlightenment {unknown}
 l - a potion of cancellation {unknown}

Dungeon Overview and Level Annotations

Branches:
Dungeon (4/15)
 Temple: D:4-7

Altars:
Xom

Shops:
D:1 ?   D:2 (   D:3 :

Annotations:
D:4 Menkaure


Message History

The sling bullet completely misses the giant cockroach.
The ball python hisses angrily.
You block the orc's attack.
You shoot a sling bullet. The sling bullet barely misses the orc.
The sling bullet hits the giant cockroach.
The giant cockroach is heavily wounded.
You block the orc's attack. The orc hits you with a +0 hand axe.
You shoot a sling bullet. The sling bullet hits the orc.
You kill the orc!
You block the giant cockroach's attack.
You shoot a sling bullet.
The sling bullet hits the giant cockroach.
You kill the giant cockroach!
Menkaure gestures at you while chanting.
Pain shoots through your body!
You shoot a sling bullet.
The sling bullet barely misses the ball python.
The sling bullet hits Menkaure but does no damage.
The ball python bites you but does no damage.
The ball python misses you.
Menkaure casts a spell.
Menkaure seems to speed up.
You shoot a sling bullet. The sling bullet hits the ball python!
You kill the ball python!
You shoot a sling bullet. The sling bullet hits Menkaure.
Menkaure is moderately damaged.
Menkaure hits you!!
Ouch! That really hurt!
Menkaure barely misses you. You furiously retaliate!
You headbutt Menkaure! You shoot a sling bullet.
The sling bullet hits Menkaure.
Menkaure is heavily damaged.
You block Menkaure's attack.
You shoot a sling bullet.
The sling bullet barely misses Menkaure.
Menkaure hits you.
You shoot a sling bullet. The sling bullet hits Menkaure.
Menkaure is heavily damaged.
Menkaure casts a spell at you. Pain shoots through your body!
You die...

# .. .#. .... .....
###...##################
.....>M@................
##.#####################
#..... #.###. #.# #. #.#
#. #.# ## #.# #####.#


You could see Menkaure (fast).

Vanquished Creatures
  A worm (D:3)
  3 dart slugs
  2 orcs
  5 ball pythons
  4 giant cockroaches
  7 goblins
  8 hobgoblins
  7 jackals
  3 kobolds
  3 quokkas
  8 bats
  4 frilled lizards
  7 rats
62 creatures vanquished.

Notes
Turn   | Place    | Note
-------+----------+-------------------------------------------
     0 | D:1      | qw the Minotaur Hexslinger began the quest for the Orb.
     0 | D:1      | Reached XP level 1. HP: 16/16 MP: 1/1
     0 | D:1      | 0 ||| qw: Version: 0.3-a-52-g30416fa
     0 | D:1      | 0 ||| qw: Game counter: 4633
     0 | D:1      | 0 ||| qw: Melee chars always use a shield: true
     0 | D:1      | 0 ||| qw: God list: Okawaru
     0 | D:1      | 0 ||| qw: Allow faded altars: false
     0 | D:1      | 0 ||| qw: Do Orc after clearing Dungeon:15 true
     0 | D:1      | 0 ||| qw: Do second Lair branch before Depths: true
     0 | D:1      | 0 ||| qw: Lair rune preference: random
     0 | D:1      | 0 ||| qw: Goals: Normal
     0 | D:1      | 0 ||| PLANNING D:1-11
    25 | D:1      | 25 ||| FLEEEEING.
    26 | D:1      | 26 ||| FLEEEEING.
    29 | D:1      | 29 ||| FLEEEEING.
    52 | D:1      | Found Mitiot's Magic Scroll Shoppe.
    61 | D:1      | 61 ||| SHOPLISTING scroll of brand weapon (123 gold, have
                  | 0).
    61 | D:1      | 61 ||| SHOPLISTING scroll of enchant weapon (97 gold, have
                  | 0).
    61 | D:1      | 61 ||| SHOPLISTING scroll of identify (26 gold, have 0).
   104 | D:1      | Reached skill level 3 in Ranged Weapons
   108 | D:1      | Reached XP level 2. HP: 13/23 MP: 2/2
   632 | D:1      | Reached XP level 3. HP: 29/29 MP: 3/3
   743 | D:1      | 743 ||| UPGRADING to amulet of reflection.
   748 | D:1      | 748 ||| READING scroll labelled JACRIZ TEVARYC.
   749 | D:1      | 749 ||| READING scroll labelled HEFETTEKHEB.
   750 | D:1      | 750 ||| READING scroll labelled REDETU TIYDEU.
   751 | D:1      | 751 ||| DRINKING 2 fuming inky potions.
   855 | D:1      | 855 ||| DRINKING 4 fizzy yellow potions.
   856 | D:1      | 856 ||| DROPPING scroll of poison.
   857 | D:1      | 857 ||| DROPPING potion of berserk rage.
   993 | D:2      | Found a faded altar of an unknown god.
   997 | D:2      | Reached skill level 4 in Ranged Weapons
  1062 | D:2      | Found Jeofog's Weapon Shoppe.
  1078 | D:2      | 1078 ||| SHOPLISTING +0 orcbow (42 gold, have 39).
  1482 | D:2      | 1482 ||| READING scroll labelled OTITUILU ISMIU.
  1583 | D:2      | 1583 ||| DRINKING 3 bubbling black potions.
  1584 | D:2      | 1584 ||| DROPPING 2 potions of invisibility.
  1797 | D:3      | Reached XP level 4. HP: 36/36 MP: 4/4
  1861 | D:3      | Found a shimmering altar of Xom.
  1861 | D:3      | Found a shimmering altar of Xom.
  1862 | D:3      | Found a shimmering altar of Xom.
  1868 | D:3      | Found a shimmering altar of Xom.
  1868 | D:3      | Found a shimmering altar of Xom.
  1870 | D:3      | Found a shimmering altar of Xom.
  1870 | D:3      | Found a shimmering altar of Xom.
  1920 | D:3      | 1920 ||| Stepping ~*~*~tactically~*~*~ (outnumbered).
  2080 | D:3      | Found Lirr's Vocational Training.
  2254 | D:3      | 2254 ||| UPGRADING to +0 leather armour.
  2264 | D:3      | 2264 ||| DROPPING +0 robe.
  2265 | D:3      | 2265 ||| READING scroll labelled MIAWKEOCZE.
  2266 | D:3      | 2266 ||| READING scroll labelled VEFOTA JANEYW.
  2267 | D:3      | 2267 ||| READING 2 scrolls of identify.
  2267 | D:3      | 2267 ||| IDENTIFYING glowing emerald potion
  2330 | D:4      | Noticed Menkaure
  2341 | D:4      | HP: 9/36 [Menkaure (3)]
  2342 | D:4      | Killed from afar by Menkaure

Levels and vault maps discovered:
D:1:      dpeg_arrival_arbitrary_c, layout_loops_cross, serial_shops, shop
D:2:      layout_basic, serial_shops, nicolae_shop_peninsula,
          hellmonk_ecumenical_altar_blasted
D:3:      layout_basic, nicolae_xom_altar_mimics, nicolae_shop_vocational
D:4:      layout_basic, lemuel_crystal_altar, uniq_pikel, uniq_menkaure

Skill      XL: |  1  2  3 |
---------------+----------+-----
Ranged Weapons | 3 4 |  4.8
Fighting       | 2 |  2.0
Dodging        | |  2.1
Spellcasting   | |  1.0
Hexes          | |  2.0

Action                     |  1- 3 |  4- 6 || total
---------------------------+-------+-------++-------
   Fire: Sling             |   169 |    29 ||   198
    Use: Scroll            |     4 |     3 ||     7
         Potion            |     3 |       ||     3
 Armour: Robe              |    18 |       ||    18
         Leather armour    |       |     1 ||     1
  Dodge: Dodged            |    56 |     2 ||    58
  Block: Other             |     6 |     5 ||    11
         Reflection        |       |     1 ||     1

Table legend:
 A = Non-vault XP
 B = Vault XP
 C = Vault XP percentage of total XP
 D = Non-vault monster count
 E = Vault monster count
 F = Vault count percentage of total count
                 A         B        C        D         E       F
            +---------+---------+-------+---------+---------+-------
      Total |     120 |       0 |   0.0 |      62 |       0 |   0.0
            +---------+---------+-------+---------+---------+-------
        D:1 |      42 |       0 |   0.0 |      23 |       0 |   0.0
        D:2 |      33 |       0 |   0.0 |      18 |       0 |   0.0
        D:3 |      38 |       0 |   0.0 |      18 |       0 |   0.0
        D:4 |       7 |       0 |   0.0 |       3 |       0 |   0.0
            +---------+---------+-------+---------+---------+-------
